 Dungeon Crawl Stone Soup version 0.32-a0-30-gefbe487952 (webtiles) character file.

Game seed: 491297185026648212

2608 kae the Mimic (level 9, -1/66 HPs)
             Began as a Demonspawn Shapeshifter on Jan 19, 2024.
             Slain by a gnoll
             ... wielding a +0 spear
             ... led by a gnoll bouda
              (4 damage)
             ... on level 9 of the Dungeon.
             The game lasted 00:05:18 (5394 turns).

kae the Mimic (Demonspawn Shapeshifter)             Turns: 5394, Time: 00:05:19

Health: -1/66      AC:  3    Str: 14    XL:     9   Next: 34%
Magic:  9/9        EV: 16    Int: 11    God:
Gold:   383        SH:  0    Dex: 17    Spells: 8/8 levels left

rFire   . .          .
                       - Unarmed
rCold   . . .        (shield currently unavailable)
rNeg    . . .        a - melded +0 animal skin
rPois   .            (no helmet)
rElec   .            i - +1 cloak
rCorr   .            j - +0 pair of gloves
SInv    .            (no boots)
Will    +....        (no amulet)
Stlth   +            (no ring)
HPRegen 0.31/turn    (no ring)
MPRegen 0.11/turn

%: no passive effects
@: flux-form, weakened, enlightened, flying, glowing
A: glow, contaminating, powered by death 1, spiny 2, weakness stinger 1, demonic
touch 2
a: Begin Untransformation


You were on level 9 of the Dungeon.
You were something dangerously unstable.
You visited 1 branch of the dungeon, and saw 7 of its levels.

You collected 383 gold pieces.


Innate Abilities, Weirdness & Mutations

You are something dangerously unstable.
You glow with magical radiation, making you easy to see and hit.
Foes you strike become dangerously contaminated with magical radiation.
You are incapable of wielding weapons or throwing items.
You regenerate a little health from kills.
You are mostly covered in sharp spines.
You have a small tail.
Your touch may inflict irresistible damage on your foes.


   Skills:
 + Level 4.3 Fighting
 - Level 1.7 Dodging
 + Level 6.9 Unarmed Combat
 * Level 8.7 Shapeshifting


You had 8 spell levels left.
You didn't know any spells.
Your spell library contained the following spells:

 Spells                   Type           Power      Damage    Failure   Level
 Kiss of Death            Conj/Necr      0%         2d5       34%         1
 Call Imp                 Summ           0%         N/A       47%         2
 Sublimation of Blood     Necr           0%         N/A       47%         2
 Confusing Touch          Hex            0%         N/A       71%         3
 Hailstorm                Conj/Ice       0%         3d5       71%         3
 Summon Ice Beast         Ice/Summ       0%         N/A       71%         3
 Dispel Undead            Necr           0%         3d6       98%         4
 Sculpt Simulacrum        Ice/Alch       0%         N/A       100%        6
 Summon Hydra             Summ           0%         N/A       100%        7

Inventory:

Missiles
 e - 95 stones (quivered)
 k - 9 poisoned darts
 n - 11 boomerangs
Armour
 a - a +0 animal skin (melded)
 i - a +1 cloak (worn)
   (You found it on level 1 of the Dungeon)
 j - a +0 pair of gloves (worn)
   (You found it on level 1 of the Dungeon)
Magical Staves
 q - a staff of conjuration {!a}
   (You took it off an orc on level 3 of the Dungeon)
 x - a staff of alchemy {!a}
   (You found it on level 6 of the Dungeon)
Jewellery
 r - an amulet of magic regeneration
   (You found it on level 6 of the Dungeon)
Talismans
 c - a beast talisman
 d - a flux talisman (active)
Wands
 f - a wand of charming (7)
   (You took it off a goblin on level 3 of the Dungeon)
 g - a wand of acid (22)
   (You took it off Ijyb on level 4 of the Dungeon)
 o - a wand of iceblast (10)
   (You found it on level 3 of the Dungeon)
 u - a wand of flame (2)
   (You took it off Edmund on level 5 of the Dungeon)
 v - a wand of digging (6)
   (You found it on level 6 of the Dungeon)
Scrolls
 h - 4 scrolls of teleportation {@r4}
 y - a scroll of butterflies {unknown}
Potions
 b - a potion of lignification {!q}
 l - a potion of brilliance
 m - a potion of degeneration {!q}
 p - a potion of mutation {!q}
 s - a potion of enlightenment
 t - a potion of curing {unknown}
 w - a potion of haste {unknown}
 z - a potion of magic {unknown}

Dungeon Overview and Level Annotations

Branches:
Dungeon (9/15) Zot: 26870
 Temple: D:4-7         Lair: D:8-11         Orc: D:9-12

Altars:
Ashenzari
Kikubaaqudgha
Trog
Uskayaw

Shops:
D:5

( #.##
####'#####
#........#
#........#
#........#
#..>.....#
+........#
#....g...#
####p#####
#g# #g# #g##
# #..#
##..#####.#
#....gg.#.#
#....#.#†#.#
).. .gg#†..#


You could see a gnoll bouda and 3 gnolls.


Message History

The killer bee closely misses you. The gnoll is struck by your spines.
The gnoll hits you with a +0 spear! 😕 HP[-6]
You take 6 damage, and now have 50/65 hp.
You barely miss the killer bee.
The killer bee is struck by your spines.
The killer bee stings you.
You are poisoned.
The killer bee poisons you!
The killer bee is struck by your spines.
You kill the killer bee!
The killer bee stings you but does no damage.
A gnoll comes into view. It is wielding a +0 spear.
The gnoll hits you but does no damage.
You hit the killer bee.
You kill the killer bee!
You feel sick.
The gnoll hits you from afar with a +0 spear.
The gnoll bouda barks out a call to the hunt!
The gnolls pick up the pace!
The gnoll hits you with a +0 spear. 😮 HP[-7]
You now have 66 max hp (+1).
You take 7 damage, and now have 43/66 hp.
You feel sick.
You see here a killer bee corpse. 😮 HP[+2]
You regained 2 hp, and now have 45/66 hp.
You closely miss the gnoll. The gnoll hits you with a +0 club.
The gnoll hits you from afar with a +0 spear. 😮 HP[-5]
You take 5 damage, and now have 40/66 hp.
You feel sick. The gnoll attacks as it pursues you! The gnoll misses you.
You feel sick. The gnoll is struck by your spines.
The gnoll closely misses you.
You feel sick.
You are no longer poisoned. 😮 HP[+1]
The gnoll attacks as it pursues you!
The gnoll hits you with a +0 club. 😮 HP[-6]
You take 6 damage, and now have 35/66 hp.
The gnoll attacks as it pursues you!
The gnoll hits you from afar with a +0 spear.
* * * LOW HITPOINT WARNING * * *
The gnoll closely misses you. 😨 HP[-5]
You take 5 damage, and now have 30/66 hp.
The gnoll hits you with a +0 club.
* * * LOW HITPOINT WARNING * * *
There is an open door here. 😨 HP[-2]
You take 2 damage, and now have 28/66 hp.
You hit the gnoll but do no damage.
The gnoll begins to glow.
You tail-slap the gnoll, but do no damage.
The gnoll is no longer moving quickly.
The gnoll bouda barks out a call to the hunt!
The gnoll picks up the pace!
The gnoll misses you.
You hit the gnoll.
The gnoll glows dangerously bright.
You touch the gnoll!
The gnoll closely misses you.
The gnoll hits you from afar with a +0 spear.
* * * LOW HITPOINT WARNING * * *
😨 HP[-2]
You take 2 damage, and now have 26/66 hp.
You hit the gnoll.
You kill the gnoll!
The gnoll is no longer moving quickly.
The gnoll bouda gazes fiercely through you!
You feel your attacks grow feeble.
The gnoll hits you from afar with a +0 spear!
* * * LOW HITPOINT WARNING * * *
😨 HP[-7]
You take 7 damage, and now have 19/66 hp.
The gnoll is no longer moving quickly. 😨 HP[+2]
You regained 2 hp, and now have 21/66 hp.
The gnoll bouda barks out a call to the hunt!
The gnolls pick up the pace!
The gnoll barely misses you. The gnoll hits you with a +0 spear!
* * * LOW HITPOINT WARNING * * *
The gnoll hits you with a +0 spear.
* * * LOW HITPOINT WARNING * * *
There is an open door here. 😱 HP[-13]
You take 13 damage, and now have 8/66 hp.
You hit the gnoll but do no damage.
The gnoll begins to glow.
You tail-slap the gnoll, but do no damage.
Your touch misses the gnoll. The gnoll is struck by your spines.
The gnoll hits you with a +0 spear.
* * * LOW HITPOINT WARNING * * *
😱 HP[-5]
You take 5 damage, and now have 3/66 hp.
Unknown command.
Okay, then.
It was a potion of enlightenment.
You feel very buoyant.
You fly up into the air.
The gnoll hits you from afar with a +0 spear.
You die...

Skill      XL: |  1  2  3  4  5  6  7  8  9 |
---------------+----------------------------+-----
Shapeshifting  | 3 4 5 6 8 |  8.7
Unarmed Combat | 3 4 5 6 |  6.9
Fighting       | 3 4 |  4.3
Dodging        | |  1.7

Action                     |  1- 3 |  4- 6 |  7- 9 || total
---------------------------+-------+-------+-------++-------
  Melee: Unarmed           |    89 |    90 |   113 ||   292
         Punch             |     3 |       |       ||     3
         Touch             |     7 |    14 |    27 ||    48
         Tailslap          |       |     5 |    19 ||    24
  Evoke: Wand              |       |     2 |     7 ||     9
    Use: Scroll            |     4 |     3 |     2 ||     9
         Potion            |       |       |     1 ||     1
   Stab: Sleeping          |     4 |     1 |       ||     5
 Armour: Animal skin       |    47 |    23 |       ||    70
         Skin              |       |    15 |    67 ||    82
  Dodge: Dodged            |    41 |    68 |    60 ||   169
   Form: Flux              |       |     1 |       ||     1

Levels and vault maps discovered:
D:1:      spicycebolla_green_bress_n_ham_2, layout_basic
D:2:      layout_loops_cross, ebering_ecumenical_altar_petrified,
          kennysheep_generic_room_8
D:3:      cheibrodos_helix_gallery, layout_loops_ring, elyvilon_altar_4,
          chequers_mini_garden, minmay_pentangle
D:4:      layout_loops_ring, nicolae_overflow_squiral, uniq_eustachio,
          uniq_ijyb, uniq_pikel
D:5:      layout_loops_ring, mainiacjoe_overflow_catwalk,
          nicolae_uskayaw_suspiria, tso_oasis_becter, doesnt_shop_hydraphobe,
          uniq_edmund
D:6:      layout_rooms, mainiacjoe_overflow_six_doors_small, uniq_sigmund
D:9:      layout_roguey, erik_lair_orcish_takeover, nrook_mini_backslash,
          nicolae_zen_rock_garden, kennysheep_generic_room_6

Notes
Turn   | Place    | Note
-------+----------+-------------------------------------------
     0 | D:1      | kae the Demonspawn Shapeshifter began the quest for the
                  | Orb.
     0 | D:1      | Reached XP level 1. HP: 15/15 MP: 1/1
     0 | D:1      | magus.rc [v1.11.3]
   320 | D:1      | Reached skill level 3 in Shapeshifting
   345 | D:1      | Gained mutation: You are partially covered in sharp spines.
                  | [demonic ancestry]
   345 | D:1      | Reached XP level 2. HP: 21/21 MP: 2/2
   432 | D:1      | Reached skill level 3 in Unarmed Combat
   998 | D:1      | You feel monstrous as your demonic heritage exerts itself.
   998 | D:1      | Discovered your monstrous ancestry.
   998 | D:1      | Gained mutation: Your touch may inflict minor irresistible
                  | damage on your foes. [demonic ancestry]
   998 | D:1      | Reached XP level 3. HP: 22/26 MP: 3/3
  1300 | D:2      | Found a faded altar of an unknown god.
  1960 | D:3      | Gained mutation: Your touch may inflict irresistible damage
                  | on your foes. [demonic ancestry]
  1960 | D:3      | Reached XP level 4. HP: 25/32 MP: 4/4
  2152 | D:3      | Reached skill level 4 in Shapeshifting
  2480 | D:3      | You pick up a book of the Tundra and begin reading...
  2480 | D:3      | You add the spells Hailstorm, Summon Ice Beast and Sculpt
                  | Simulacrum to your library.
  2765 | D:3      | Gained mutation: You are mostly covered in sharp spines.
                  | [demonic ancestry]
  2765 | D:3      | Reached XP level 5. HP: 37/37 MP: 5/5
  2804 | D:3      | You pick up a book of Blood and begin reading...
  2804 | D:3      | You add the spells Call Imp, Sublimation of Blood and
                  | Summon Hydra to your library.
  3001 | D:4      | Reached skill level 4 in Unarmed Combat
  3120 | D:4      | Found a broken altar of Ashenzari.
  3122 | D:4      | Noticed Eustachio
  3184 | D:5      | Entered Level 5 of the Dungeon
  3191 | D:5      | Killed Eustachio
  3192 | D:5      | Reached skill level 5 in Shapeshifting
  3192 | D:5      | Gained mutation: You have a small tail. [demonic ancestry]
  3192 | D:5      | Reached XP level 6. HP: 23/43 MP: 6/6
  3321 | D:4      | Noticed Ijyb
  3324 | D:4      | Noticed Pikel
  3330 | D:4      | Killed Ijyb
  3342 | D:4      | Killed Pikel
  3343 | D:4      | Reached skill level 5 in Unarmed Combat
  3343 | D:4      | Reached skill level 6 in Shapeshifting
  3343 | D:4      | Reached XP level 7. HP: 27/48 MP: 7/7
  3488 | D:4      | Found a bloodstained altar of Trog.
  3887 | D:5      | Reached XP level 8. HP: 44/54 MP: 8/8
  3931 | D:5      | Noticed Edmund
  3938 | D:5      | Killed Edmund
  3939 | D:5      | Reached skill level 7 in Shapeshifting
  4068 | D:5      | Reached skill level 2 in Fighting
  4324 | D:5      | Reached skill level 6 in Unarmed Combat
  4359 | D:5      | Found a hide-covered altar of Uskayaw.
  4502 | D:5      | Found an ancient bone altar of Kikubaaqudgha.
  4503 | D:5      | You pick up a book of Blood and begin reading...
  4649 | D:5      | Found Doplo's Hydra Hut.
  4653 | D:5      | Noticed an eight-headed hydra
  4805 | D:6      | Reached skill level 3 in Fighting
  4990 | D:6      | Noticed Sigmund
  4996 | D:6      | Killed Sigmund
  4997 | D:6      | Reached skill level 8 in Shapeshifting
  5028 | D:6      | Gained mutation: You regenerate a little health from kills.
                  | [demonic ancestry]
  5028 | D:6      | Reached XP level 9. HP: 59/65 MP: 9/9
  5238 | D:6      | You pick up a book of Touch and begin reading...
  5238 | D:6      | You add the spells Kiss of Death, Confusing Touch and
                  | Dispel Undead to your library.
  5263 | D:6      | You fall into a shaft and drop 3 floors!
  5336 | D:9      | Reached skill level 4 in Fighting
  5392 | D:9      | HP: 13/66 [gnoll/+0 spear[a gnoll bouda] (9)]
  5393 | D:9      | HP: 3/66 [gnoll/+0 spear[a gnoll bouda] (5)]
  5394 | D:9      | Slain by a gnoll

Vanquished Creatures
  Pikel (D:4)
  Sigmund (D:6)
  A vampire (D:9)
  Eustachio (D:5)
  Edmund (D:5)
  An ice beast (D:6)
  An ogre (D:5)
  2 phantoms (D:5)
  A bullfrog (D:6)
  A gnoll sergeant (D:9)
  2 scorpions
  5 killer bees (D:9)
  A howler monkey (D:6)
  4 hounds
  3 orc priests
  5 iguanas
  3 jellies
  Ijyb (D:4)
  2 orc wizards (D:5)
  A sleepcap (D:6)
  4 gnolls (D:9)
  6 adders
  A white imp (D:6)
  2 ufetubi (D:6)
  2 ribbon worms
  5 dart slugs
  12 orcs
  6 bats
  6 endoplasms
  3 giant cockroaches
  9 goblins
  8 hobgoblins
  5 quokkas
  7 ball pythons
  8 frilled lizards
  4 kobolds
  8 rats
134 creatures vanquished.

Table legend:
 A = Non-vault XP
 B = Vault XP
 C = Vault XP percentage of total XP
 D = Non-vault monster count
 E = Vault monster count
 F = Vault count percentage of total count
                 A         B        C        D         E       F
            +---------+---------+-------+---------+---------+-------
      Total |    2429 |    1298 |  34.8 |     125 |       9 |   6.7
            +---------+---------+-------+---------+---------+-------
        D:1 |      43 |       0 |   0.0 |      27 |       0 |   0.0
        D:2 |      47 |       6 |  11.3 |      16 |       2 |  11.1
        D:3 |     107 |      15 |  12.3 |      23 |       2 |   8.0
        D:4 |     247 |     687 |  73.6 |      16 |       2 |  11.1
        D:5 |     753 |     367 |  32.8 |      16 |       2 |  11.1
        D:6 |     569 |     223 |  28.2 |      16 |       1 |   5.9
        D:9 |     663 |       0 |   0.0 |      11 |       0 |   0.0
            +---------+---------+-------+---------+---------+-------

Skill      XL: |  1  2  3  4  5  6  7  8  9 |
---------------+----------------------------+-----
Shapeshifting  | 3 4 5 6 8 |  8.7
Unarmed Combat | 3 4 5 6 |  6.9
Fighting       | 3 4 |  4.3
Dodging        | |  1.7

Action                     |  1- 3 |  4- 6 |  7- 9 || total
---------------------------+-------+-------+-------++-------
  Melee: Unarmed           |    89 |    90 |   113 ||   292
         Punch             |     3 |       |       ||     3
         Touch             |     7 |    14 |    27 ||    48
         Tailslap          |       |     5 |    19 ||    24
  Evoke: Wand              |       |     2 |     7 ||     9
    Use: Scroll            |     4 |     3 |     2 ||     9
         Potion            |       |       |     1 ||     1
   Stab: Sleeping          |     4 |     1 |       ||     5
 Armour: Animal skin       |    47 |    23 |       ||    70
         Skin              |       |    15 |    67 ||    82
  Dodge: Dodged            |    41 |    68 |    60 ||   169
   Form: Flux              |       |     1 |       ||     1

Illustrated notes

Table legend:
 A = Kills in this place as a percentage of kills in the entire game.
 B = Kills by you in this place as a percentage of kills by you in the entire game.
 C = Kills by friends in this place as a percentage of kills by friends in the entire game.
 D = Other kills in this place as a percentage of other kills in the entire game.
 E = Experience gained in this place as a percentage of experience gained in the entire game.
 F = Experience gained in this place divided by the number of levels of this place that you have seen.
                   A       B       C       D       E      F
               +-------+-------+-------+-------+-------+----------------------
         Total | 100.0 | 100.0 |   N/A |   N/A | 100.0 | 532.4
       Dungeon | 100.0 | 100.0 |   N/A |   N/A | 100.0 | 532.4
               +-------+-------+-------+-------+-------+----------------------

Table legend: (Time is in decaauts)
 A = Elapsed time spent in this place.
 B = Non-inter-level travel time spent in this place.
 C = Inter-level travel time spent in this place.
 D = Time resting spent in this place.
 E = Time spent auto-exploring this place.
 F = Levels seen in this place.
 G = Mean time per level.
                   A        B        C        D        E       F      G
               +--------+--------+--------+--------+--------+-----+--------+
         Total |   5373 |   5140 |    233 |    112 |   4201 |   7 |  767.6 |
       Dungeon |   5373 |   5140 |    233 |    112 |   4201 |   7 |  767.6 |
               +--------+--------+--------+--------+--------+-----+--------+

Top non-repeatable levels by time:
     D:1: 1183 daAuts
     D:3: 983 daAuts
     D:5: 981 daAuts
     D:4: 910 daAuts
     D:2: 722 daAuts
     D:6: 462 daAuts
     D:9: 128 daAuts
